Map: Tropical Sacrifice

Players

Vindicta - Winner!

  • Race: Terran Terran
  • Spawn Location: 7:00

SpeCial

  • Race: Terran Terran
  • Spawn Location: 1:00

Event: DreamHack SC2 Masters 2022 Atlanta (Offline)

VOD

Have the link to the VOD?

Description

Time

  • Played on: Nov. 18, 2022, 1:09 p.m.
  • Length: 26:39

All games in this series

Show
View Real Time Build Order
Export as new Build Order

Vindicta Terran - Winner!

Build Orders:  

Get SALT Encoding   

  12  0:02  SCV  
  13  0:14  SCV  
  13  0:18  Supply Depot  
  14  0:27  SCV  
  15  0:40  SCV  
  15  0:41  Barracks  
  16  0:46  Refinery  
  16  0:52  SCV  
  16  0:54  Refinery  
  17  1:04  SCV  
  18  1:16  SCV  
  19  1:28  Reaper  
  19  1:29  Orbital Command  
  20  1:36  Supply Depot  
  20  1:48  Factory  
  20  1:55  SCV  
  20  2:00  Reaper  
  22  2:12  SCV  
  23  2:24  SCV  
  24  2:32  Hellion  
  24  2:34  Reaper  
  27  2:37  SCV  
  27  2:53  Widow Mine  
  27  2:55  Command Center  
  27  2:56  SCV  
  30  3:08  SCV  
  30  3:10  Barracks Tech Lab  
  31  3:18  Factory Tech Lab  
  31  3:28  Supply Depot  
  31  3:31  SCV  
  31  3:40  Starport  
  31  3:42  Barracks Reactor  
  31  3:50  SCV, Siege Tank  
  31  3:52  Supply Depot  
  35  4:02  SCV  
  36  4:07  Orbital Command  
  36  4:15  Raven  
  37  4:18  Marine  
  37  4:20  Marine  
  37  4:22  Cyclone  
  37  4:24  SCV  
  43  4:33  Orbital Command  
  43  4:36  Marine  
  43  4:37  Marine  
  44  4:40  SCV  
  44  4:52  SCV  
  45  4:54  Marine  
  45  4:55  Orbital Command  
  45  4:56  Marine  
  45  4:58  Raven  
  49  5:03  SCV  
  49  5:06  Supply Depot, SCV  
  51  5:07  Cyclone  
  51  5:11  Marine  
  55  5:21  SCV x2  
  55  5:26  Marine  
  58  5:32  Refinery x2  
  58  5:33  SCV x2  
  61  5:44  Command Center  
  61  5:47  Siege Tank  
  64  5:50  SCV x2  
  64  5:56  Supply Depot  
  65  6:00  Viking  
  65  6:02  SCV x2  
  69  6:07  Supply Depot  
  69  6:14  SCV  
  69  6:15  Starport  
  69  6:18  Viking  
  72  6:21  SCV  
  73  6:27  Siege Tank  
  73  6:28  SCV  
  73  6:30  Viking  
  77  6:34  SCV  
  77  6:39  Engineering Bay  
  77  6:40  Barracks Reactor, SCV  
  77  6:45  Supply Depot  
  77  6:46  SCV  
  79  6:48  Viking  
  79  6:52  SCV  
  82  6:57  Orbital Command  
  82  6:58  SCV  
  83  7:02  Viking  
  83  7:04  Viking  
  83  7:05  SCV  
  87  7:10  SCV  
  87  7:11  Supply Depot  
  87  7:15  Siege Tank  
  91  7:16  Orbital Command  
  91  7:24  SCV  
  91  7:26  SCV  
  93  7:32  Viking  
  93  7:36  SCV  
  94  7:38  Refinery, Sensor Tower  
  94  7:43  Factory  
  94  7:44  SCV  
  95  7:45  SCV  
  95  7:48  SCV  
  97  7:53  Siege Tank  
  97  7:58  SCV  
  100  8:00  SCV x2  
  100  8:03  Viking  
  101  8:05  Viking  
  101  8:10  SCV  
  103  8:12  SCV  
  103  8:13  SCV  
  103  8:15  Mag-Field Accelerator  
  103  8:18  Refinery  
  104  8:22  SCV  
  104  8:25  SCV x2  
  107  8:28  Hellion x2, Factory  
  107  8:30  Hellion  
  107  8:34  Supply Depot, Missile Turret  
  113  8:37  SCV  
  113  8:38  Missile Turret x2  
  113  8:43  SCV  
  115  8:49  SCV  
  115  8:52  Raven  
  115  8:55  Supply Depot, Viking x2, SCV  
  125  8:56  Widow Mine  
  125  9:06  SCV  
  125  9:07  Hellion  
  125  9:09  Missile Turret  
  125  9:12  Factory Tech Lab  
  125  9:13  Command Center  
  125  9:16  Cyclone  
  128  9:17  Supply Depot, Widow Mine  
  128  9:19  SCV  
  128  9:20  SCV  
  128  9:25  Liberator  
  128  9:26  Armory  
  128  9:30  Supply Depot  
  128  9:31  Supply Depot  
  132  9:34  Infernal Pre-Igniter  
  132  9:36  SCV  
  132  9:39  Cyclone  
  132  9:40  SCV  
  132  9:41  Supply Depot  
  132  9:42  Hellion  
  135  9:48  SCV  
  135  9:49  Cyclone  
  140  9:52  Liberator  
  140  9:53  Supply Depot  
  140  9:56  Liberator  
  146  10:04  SCV  
  146  10:06  SCV  
  147  10:07  Factory x2  
  147  10:11  Cyclone  
  149  10:17  SCV  
  149  10:18  SCV x2  
  149  10:22  Cyclone  
  149  10:26  Terran Vehicle And Ship Armor Level 1, Missile Turret  
  149  10:27  Drilling Claws  
  149  10:28  Widow Mine  
  154  10:31  SCV  
  152  10:43  SCV, Siege Tank  
  152  10:45  Liberator  
  159  10:50  SCV  
  148  10:57  Planetary Fortress  
  148  11:04  Refinery  
  143  11:05  SCV  
  143  11:06  Missile Turret x2  
  143  11:07  Refinery  
  143  11:08  Cyclone, Sensor Tower, Factory Reactor  
  147  11:12  SCV  
  147  11:14  Hellion x2  
  147  11:17  SCV  
  154  11:19  Cyclone  
  154  11:25  Factory Tech Lab  
  156  11:27  Command Center  
  156  11:35  Widow Mine x2  
  156  11:36  Viking x2  
  164  11:43  Cyclone  
  164  11:45  Widow Mine x2  
  164  11:46  Command Center  
  171  11:50  Widow Mine  
  176  11:56  Hellion x2  
  176  12:02  Raven  
  176  12:04  Starport  
  176  12:08  Hellion  
  182  12:09  Command Center  
  182  12:10  Hellion  
  182  12:14  Armory  
  178  12:21  Thor, Terran Ship Weapons Level 1  
  184  12:23  Hellion  
  178  12:32  Viking x2, Sensor Tower  
  176  12:40  Siege Tank  
  172  12:45  Raven  
  172  12:48  Viking  
  168  12:53  Siege Tank  
  167  12:58  Hellion  
  167  13:02  Hellion x2, Viking x2  
  167  13:04  Siege Tank  
  176  13:10  Hellion  
  168  13:15  Cyclone  
  168  13:18  Viking  
  153  13:20  Refinery, Widow Mine  
  153  13:21  SCV  
  153  13:23  Hellion x2, Refinery  
  161  13:28  Viking, SCV  
  161  13:31  Terran Vehicle Weapons Level 1  
  161  13:32  Widow Mine  
  166  13:36  Cyclone  
  167  13:41  Hellion  
  167  13:45  Hellion x2, Viking x2  
  168  13:54  Orbital Command  
  165  13:56  Hellion  
  165  14:00  Thor  
  170  14:08  Thor  
  172  14:14  Terran Vehicle And Ship Armor Level 2  
  172  14:16  Thor  
  178  14:19  Viking  
  158  14:35  Hellion  
  155  14:43  Siege Tank  
  158  14:51  Hellion, Siege Tank  
  141  14:54  Viking  
  141  14:58  Thor  
  144  15:00  Hellion x2  
  144  15:01  Hellion  
  144  15:03  SCV x4  
  152  15:12  Viking x2  
  152  15:13  Hellion  
  158  15:15  SCV  
  158  15:16  Viking  
  166  15:24  Cyclone  
  166  15:26  Hellion  
  167  15:40  Orbital Command  
  167  15:42  Widow Mine x2  
  166  15:43  Widow Mine  
  166  15:48  Hellion  
  166  15:49  Refinery  
  165  15:50  Starport Reactor  
  165  15:51  Medivac  
  165  15:52  Hellion  
  165  15:54  Cyclone  
  165  15:56  Cyclone  
  169  16:00  Liberator x2  
  169  16:04  Hellion x2  
  168  16:13  Siege Tank  
  168  16:16  Smart Servos  
  168  16:18  SCV  
  162  16:20  Liberator  
  162  16:24  SCV x2  
  164  16:26  Missile Turret  
  164  16:29  Cyclone  
  164  16:30  Widow Mine  
  164  16:31  Hellion  
  171  16:33  SCV  
  171  16:36  SCV  
  171  16:37  Missile Turret  
  171  16:43  Viking x2  
  171  16:46  Cyclone, Widow Mine  
  170  16:52  Cyclone  
  170  16:54  Widow Mine  
  170  16:57  SCV x3  
  170  16:58  SCV x2, Refinery  
  170  17:01  Cyclone  
  178  17:02  Viking  
  178  17:03  Viking  
  178  17:04  Viking  
  182  17:09  SCV, Widow Mine  
  182  17:13  Liberator, Viking, Hellion  
  192  17:18  Cyclone  
  192  17:22  Hellion  
  189  17:24  Cyclone  
  189  17:26  Hellion  
  177  17:30  Hellion  
  177  17:33  Cyclone  
  177  17:35  Widow Mine  
  176  17:37  Viking x2  
  176  17:40  Viking  
  176  17:43  Widow Mine  
  176  17:44  Viking  
  177  17:47  Hellion  
  177  17:48  Refinery  
  177  17:50  Siege Tank  
  180  17:52  Hellion  
  180  17:56  Cyclone, Hellion  
  180  17:58  Viking  
  189  18:05  Cyclone  
  190  18:07  Hellion, Viking x2  
  190  18:08  Hellion  
  196  18:13  Hellion  
  196  18:16  Viking  
  189  18:20  Viking  
  189  18:22  Cyclone  
  189  18:25  Hellion  
  196  18:28  Hellion  
  182  18:37  Thor  
  182  18:39  Hellion  
  178  18:45  Widow Mine  
  178  18:46  Hellion  
  170  18:49  Cyclone  
  170  18:50  Widow Mine  
  170  18:54  Cyclone  
  170  18:55  Viking  
  178  19:00  Viking, Widow Mine  
  179  19:06  Hellion  
  179  19:07  Hellion  
  183  19:20  Cyclone, Hellion  
  183  19:22  Hellion  
  187  19:27  Cyclone  
  187  19:30  Sensor Tower  
  187  19:31  Missile Turret  
  187  19:33  Hellion  
  187  19:39  Supply Depot, Orbital Command  
  187  19:41  Hellion  
  187  19:42  Hellion  
  187  19:45  Hellion  
  194  19:48  Viking  
  194  19:51  Liberator  
  191  19:53  Liberator  
  191  19:56  Liberator  
  194  20:00  Siege Tank  
  194  20:04  Siege Tank  
  198  20:08  Hellion  
  198  20:09  Hellion  
  200  20:17  Refinery x2, Hellion  
  197  20:21  Widow Mine  
  193  20:29  Hellion  
  193  20:31  Hellion  
  193  20:32  Terran Vehicle Weapons Level 2  
  194  20:36  Hellion  
  194  20:40  Siege Tank  
  199  20:47  Siege Tank  
  199  20:48  Hellion  
  200  20:52  Viking  
  198  21:30  Liberator x2  
  198  21:34  Terran Ship Weapons Level 2  
  198  21:35  Command Center  
  193  21:40  SCV x3  
  193  21:41  Siege Tank  
  181  21:48  Supply Depot  
  181  21:50  Supply Depot  
  181  21:53  Siege Tank  
  173  22:01  Cyclone  
  173  22:05  Hellion  
  173  22:07  Hellion  
  166  22:12  Hellion x4  
  163  22:15  Widow Mine x2  
  163  22:20  SCV  
  149  22:23  Hellion  
  149  22:25  Hellion  
  149  22:27  Hellion  
  149  22:28  SCV  
  149  22:29  SCV, Hellion  
  157  22:32  Viking x2  
  157  22:34  Hellion  
  164  22:39  Orbital Command  
  164  22:40  SCV  
  164  22:44  Cyclone  
  160  22:48  Terran Vehicle And Ship Armor Level 3  
  152  23:00  Cyclone  
  147  23:16  Missile Turret  
  147  23:17  Cyclone, Hellion x3  
  147  23:18  Hellion  
  155  23:22  SCV x3  
  155  23:26  Orbital Command  
  155  23:32  Hellbat  
  161  23:34  SCV  
  161  23:39  Viking  
  142  23:52  SCV x2  
  144  23:58  SCV x2  
  144  23:59  Refinery  
  144  24:00  Missile Turret  
  144  24:01  Refinery  
  139  24:04  SCV  
  141  24:11  Cyclone  
  137  24:21  SCV  
  137  24:23  SCV  
  130  24:24  Orbital Command  
  130  24:25  Hellion  
  130  24:29  Cyclone  
  135  24:33  SCV  
  135  24:37  Cyclone  
  119  24:44  Cyclone  
  111  24:48  SCV  
  111  24:51  Widow Mine  
  113  24:53  Hellion  
  113  24:59  SCV  
  114  25:00  SCV  
  114  25:01  Cyclone  
  114  25:03  SCV  
  119  25:11  Cyclone, SCV  
  125  25:14  Hellion  
  125  25:18  Hellion  
  127  25:28  Liberator  
  129  25:30  Liberator  
  129  25:34  Cyclone  
  134  25:37  Hellion  
  134  25:42  Hellion  
  138  25:45  Hellion  
  137  25:53  Cyclone  
  137  25:54  SCV  
  144  26:06  Cyclone  
  145  26:14  SCV  
  145  26:16  SCV  
  147  26:24  SCV  
  156  26:26  SCV  
Show
View Real Time Build Order
Export as new Build Order

SpeCial Terran 

Build Orders: 2 Factory, Cyclone Opening, Mech 

Get SALT Encoding   

  12  0:00  SCV  
  13  0:12  SCV  
  14  0:18  Supply Depot  
  14  0:24  SCV  
  15  0:40  SCV, Barracks  
  16  0:46  Refinery  
  16  0:52  SCV  
  16  0:56  Refinery  
  17  1:04  SCV  
  18  1:16  SCV  
  19  1:28  Reaper, Orbital Command  
  20  1:35  Supply Depot  
  20  1:46  Factory  
  20  1:54  SCV  
  20  2:00  Reaper  
  22  2:06  SCV  
  23  2:18  SCV  
  24  2:31  Factory Tech Lab  
  24  2:32  SCV  
  24  2:34  Command Center  
  25  2:44  SCV, Factory  
  26  2:51  Cyclone  
  26  2:56  SCV  
  30  3:02  Supply Depot  
  30  3:08  SCV  
  27  3:20  SCV  
  27  3:23  Cyclone  
  29  3:33  SCV  
  30  3:35  Factory Tech Lab  
  30  3:42  Mag-Field Accelerator  
  30  3:46  SCV  
  31  3:49  Orbital Command  
  31  3:59  Cyclone  
  31  4:01  SCV  
  35  4:13  SCV  
  36  4:17  SCV  
  36  4:21  Cyclone  
  37  4:25  SCV  
  37  4:29  Supply Depot  
  37  4:31  Refinery  
  38  4:34  SCV  
  38  4:37  SCV  
  40  4:43  Starport  
  40  4:46  SCV  
  40  4:49  SCV  
  42  4:58  SCV  
  42  5:01  SCV  
  42  5:06  Widow Mine x2  
  47  5:10  SCV  
  47  5:13  SCV  
  49  5:14  Command Center  
  49  5:19  Supply Depot  
  49  5:21  Starport Reactor  
  49  5:23  SCV  
  49  5:25  SCV  
  51  5:32  Cyclone x2  
  51  5:35  SCV  
  58  5:38  SCV  
  59  5:47  SCV  
  59  5:49  Barracks  
  60  5:50  SCV  
  60  5:55  Refinery  
  61  5:59  Liberator, SCV  
  61  6:02  SCV  
  66  6:05  Liberator  
  69  6:11  SCV  
  69  6:17  Supply Depot  
  70  6:26  SCV, Siege Tank x2  
  70  6:29  SCV x2  
  79  6:42  SCV x2  
  81  6:48  Factory  
  81  6:52  Viking  
  81  6:53  Viking  
  86  6:54  SCV  
  86  6:55  Engineering Bay  
  86  6:56  SCV x2  
  86  7:01  Siege Tank  
  91  7:05  Refinery x2  
  91  7:08  SCV  
  93  7:16  Orbital Command  
  93  7:17  SCV  
  93  7:25  Supply Depot  
  93  7:29  Sensor Tower  
  93  7:32  Missile Turret  
  93  7:39  Factory Tech Lab  
  93  7:41  Viking, SCV  
  93  7:44  Viking, Siege Tank, SCV x2  
  93  7:51  Armory  
  100  7:53  SCV  
  100  7:54  Supply Depot  
  100  7:56  SCV x2  
  103  8:05  SCV, Siege Tank  
  107  8:08  SCV x2  
  107  8:12  Factory  
  106  8:13  Factory  
  106  8:14  Supply Depot  
  106  8:16  Factory Reactor  
  106  8:17  SCV  
  107  8:20  SCV x2  
  109  8:29  SCV  
  109  8:30  Supply Depot  
  109  8:33  SCV  
  108  8:35  Siege Tank  
  108  8:37  Command Center  
  108  8:39  Supply Depot  
  111  8:41  Viking  
  111  8:45  Viking  
  115  8:50  Terran Vehicle Weapons Level 1  
  115  8:55  Supply Depot  
  115  8:56  Hellion x2  
  115  8:59  Factory Reactor  
  115  9:01  SCV x3  
  115  9:02  Siege Tank  
  125  9:05  Siege Tank  
  128  9:14  SCV x2  
  130  9:24  Refinery  
  130  9:25  SCV  
  130  9:26  Refinery, Starport x2, SCV  
  130  9:28  Viking x2  
  136  9:34  Supply Depot  
  136  9:35  Armory  
  136  9:42  Hellion x3  
  136  9:44  Hellion  
  144  9:47  Supply Depot, Sensor Tower  
  144  9:50  Orbital Command  
  144  9:56  Command Center  
  144  9:58  Command Center  
  144  10:05  Siege Tank x2  
  150  10:09  Siege Tank  
  150  10:13  Hellion  
  155  10:15  Hellion  
  155  10:16  Hellion  
  155  10:21  SCV x4  
  160  10:23  Starport Reactor x2  
  160  10:26  Terran Ship Weapons Level 1  
  149  10:44  Viking  
  149  10:45  Viking  
  142  11:00  Siege Tank  
  142  11:01  Hellion x3, Siege Tank x2  
  142  11:02  Hellion  
  159  11:05  Viking x4  
  159  11:10  Orbital Command  
  167  11:17  Terran Vehicle And Ship Armor Level 1  
  167  11:20  Viking x2, Missile Turret  
  167  11:22  Missile Turret  
  171  11:34  Infernal Pre-Igniter  
  171  11:35  Viking x2  
  171  11:38  Cyclone x2  
  177  11:40  Cyclone  
  177  11:43  Viking  
  177  11:45  Viking  
  184  11:53  Refinery  
  184  11:54  Refinery, Missile Turret  
  184  11:56  Viking x2  
  182  12:02  Hellion x2  
  182  12:03  Hellion x2  
  186  12:10  Cyclone x2  
  186  12:12  Cyclone  
  187  12:20  Viking x2  
  190  12:24  Hellion x2  
  190  12:25  SCV  
  190  12:29  SCV x2  
  191  12:36  Hellion  
  190  12:37  SCV x2  
  190  12:42  Siege Tank  
  195  12:47  Siege Tank  
  195  12:49  Viking x3  
  195  12:51  SCV  
  195  13:00  SCV  
  195  13:08  Liberator, Fusion Core  
  195  13:09  SCV x3  
  195  13:10  Viking  
  195  13:11  Liberator  
  183  13:14  SCV x2  
  183  13:18  Liberator  
  179  13:20  Terran Ship Weapons Level 2, Terran Vehicle And Ship Armor Level 2  
  179  13:21  SCV x2  
  179  13:23  SCV  
  179  13:26  SCV x2  
  184  13:33  SCV x2  
  184  13:42  Cyclone x3  
  184  13:43  Hellion  
  195  13:50  Hellion  
  195  13:52  SCV  
  190  13:56  Smart Servos  
  190  13:59  Supply Depot  
  190  14:00  Supply Depot  
  190  14:01  Supply Depot  
  190  14:16  SCV x2  
  187  14:18  SCV x2  
  187  14:20  SCV  
  187  14:21  Cyclone, Hellion x2  
  187  14:22  Cyclone  
  190  14:25  Siege Tank  
  190  14:26  Hellion  
  190  14:30  SCV  
  165  14:32  Viking x3  
  165  14:34  SCV x2  
  165  14:35  SCV  
  165  14:36  Viking  
  165  14:40  Hellion  
  165  14:43  Hellion  
  169  14:47  Viking  
  169  14:51  SCV  
  164  14:53  Siege Tank  
  164  14:55  Cyclone, Hellion  
  163  15:00  Viking  
  163  15:01  Siege Tank  
  163  15:06  Hellion x3  
  171  15:08  Viking  
  171  15:09  SCV  
  171  15:10  SCV  
  175  15:18  Advanced Ballistics  
  175  15:22  Viking x3  
  175  15:25  Siege Tank  
  184  15:29  SCV  
  184  15:35  Viking x2  
  181  15:41  Liberator  
  180  15:43  Siege Tank  
  180  15:44  Hellion  
  180  15:49  Hellion  
  187  15:50  Siege Tank  
  187  15:51  Hellion  
  187  15:52  Liberator  
  193  15:58  Viking x2  
  173  16:11  Cyclone, Hellion x2  
  173  16:13  Hellion  
  173  16:15  Cyclone  
  169  16:24  Liberator, Viking  
  165  16:29  Hellion, Siege Tank  
  172  16:33  Hellion  
  172  16:38  SCV  
  172  16:41  Hellion x2  
  172  16:43  Siege Tank  
  179  16:48  Hellion  
  179  16:51  Hellion  
  184  16:54  Hellion  
  184  16:55  Viking x2  
  188  17:02  Viking  
  188  17:03  Command Center  
  188  17:07  Hellion  
  188  17:08  Siege Tank  
  195  17:09  Orbital Command  
  195  17:14  Siege Tank  
  195  17:15  Hellion  
  194  17:17  Cyclone, Hellion  
  194  17:19  Liberator  
  196  17:25  Hellion  
  196  17:27  Liberator  
  196  17:29  Hellion  
  193  17:36  Hellion  
  191  17:40  Cyclone  
  184  17:46  Cyclone, Viking x2  
  184  17:48  SCV x3  
  184  17:49  Cyclone, SCV x2  
  189  18:11  SCV x2  
  189  18:12  Cyclone, SCV  
  195  18:13  Viking x2  
  199  18:20  Terran Ship Weapons Level 3  
  199  18:21  Terran Vehicle And Ship Armor Level 3  
  189  18:34  SCV  
  189  18:35  Viking x2  
  175  18:43  Viking x2  
  175  18:44  Siege Tank  
  175  18:46  Cyclone  
  175  18:47  SCV x3  
  175  18:48  SCV  
  180  18:56  Orbital Command  
  180  18:57  Missile Turret  
  180  18:59  Refinery  
  180  19:00  Refinery  
  180  19:05  SCV x5  
  180  19:07  Hellion x2  
  183  19:13  Cyclone, Hellion  
  185  19:17  SCV x4  
  185  19:18  SCV  
  185  19:23  SCV  
  188  19:29  SCV x4  
  188  19:30  SCV  
  188  19:35  SCV  
  189  19:39  Cyclone x2  
  189  19:41  SCV x3  
  189  19:42  SCV x2  
  200  20:04  Cyclone  
  200  20:12  Sensor Tower  
  200  20:13  Command Center  
  197  20:17  Siege Tank  
  200  20:26  Siege Tank  
  187  20:31  Hellion  
  187  20:32  Hellion, SCV  
  187  20:34  Hellion x2  
  187  20:35  SCV x2  
  198  20:37  SCV, Siege Tank  
  198  20:38  Hellion x11  
  186  20:50  Viking x3  
  186  20:52  Viking x2  
  186  20:53  SCV x3  
  186  20:54  SCV x2  
  186  20:55  Siege Tank  
  194  20:58  Hellion x2  
  194  21:03  Viking  
  200  21:05  SCV  
  200  21:10  SCV  
  188  21:20  Viking  
  188  21:22  SCV  
  188  21:23  SCV  
  188  21:25  Sensor Tower  
  192  21:31  Viking x2  
  196  21:35  Viking  
  198  21:41  Viking  
  198  21:45  Supply Depot  
  200  21:47  Orbital Command  
  200  21:52  Viking  
  194  21:55  Viking  
  186  22:01  Viking x2  
  181  22:05  Cyclone, Viking  
  171  22:08  Siege Tank  
  171  22:12  Hellion  
  166  22:19  Viking  
  149  22:22  Viking  
  145  22:30  Cyclone  
  145  22:37  Cyclone  
  145  22:39  SCV  
  145  22:40  Cyclone  
  148  22:47  SCV x2  
  148  22:48  SCV x2  
  145  22:52  Orbital Command  
  145  22:53  SCV  
  143  22:59  SCV  
  143  23:00  SCV x2  
  135  23:13  SCV x2  
  135  23:14  Cyclone x2  
  135  23:15  Hellbat  
  144  23:29  SCV x4  
  144  23:32  SCV x2  
  149  23:40  Hellion x2  
  144  23:46  Hellion x2  
  145  23:48  SCV x3  
  145  23:49  SCV  
  145  23:53  Hellion x2  
  150  23:59  SCV  
  150  24:00  SCV x3  
  150  24:01  SCV x2  
  154  24:12  SCV x2  
  154  24:14  Siege Tank  
  153  24:20  Cyclone  
  153  24:22  Hellion  
  153  24:23  Hellion, SCV x2  
  146  24:27  SCV x2  
  146  24:30  SCV x2  
  137  24:39  Siege Tank  
  137  24:44  Hellion x2  
  133  24:57  Hellion, Siege Tank  
  133  24:58  SCV x3  
  133  24:59  SCV  
  142  25:03  SCV  
  143  25:11  SCV  
  143  25:14  Hellion x2  
  147  25:16  SCV x3  
  147  25:20  SCV  
  147  25:21  SCV  
  145  25:22  Cyclone, Hellion  
  145  25:26  SCV  
  146  25:28  SCV  
  146  25:31  Hellion  
  147  25:39  Hellion x2  
  155  25:42  Hellion  
  155  25:43  Hellion  
  155  25:44  Refinery  
  155  25:45  Refinery  
  155  25:46  SCV  
  156  25:55  Hellion x3  
  162  25:59  SCV x3  
  163  26:08  SCV  
  165  26:11  Hellion x2  
Tags
 
Add a new tag
Caveats
  • Supply blocks, unpowered buildings, or Contaminate may cause inaccurate times.
  • Supply counts are checked every 10 seconds.